 Dungeon Crawl Stone Soup version 0.23.2 (webtiles) character file.

Game seed: 6013761832011364042

2654 MartialLaw the Basher (level 9, 0/57 HPs)
             Began as a Gargoyle Fighter on Mar 31, 2019.
             Was a Priest of Okawaru.
             Killed by nerve-wracking pain
             ... invoked by an orc priest
              (3 damage)
             ... on level 7 of the Dungeon.
             The game lasted 00:18:50 (6837 turns).

MartialLaw the Basher (Gargoyle Fighter)            Turns: 6837, Time: 00:18:51

Health: 0/57       AC: 20    Str: 21 (23) XL:     9   Next: 62%
Magic:  9/9        EV:  9    Int:  6 (8)  God:    Okawaru [***...]
Gold:   320        SH: 10    Dex:  8 (10) Spells: 8/8 levels left

rFire    + . .     SeeInvis .   p - +2 whip (venom)
rCold    x . .     Gourm    .   c - +0 shield
rNeg     + . .     Faith    .   A - +0 plate armour
rPois    ∞         Spirit   .   (no helmet)
rElec    +         Reflect  .   (no cloak)
rCorr    .         Harm     .   u - +0 pair of gloves
MR       .....                  (no boots)
Stlth    ..........             D - amulet of the acrobat
HPRegen  0.19/turn              o - +4 ring of evasion
MPRegen  0.11/turn              x - ring of fire

@: flying
A: thin skeletal structure 1, clumsy 1, negative energy resistance 1,
electricity resistance, unbreathing, petrification resistance, no potion heal 1,
rot immunity, AC +6
a: Heroism, Renounce Religion


You were on level 7 of the Dungeon.
You worshipped Okawaru.
Okawaru was most pleased with you.
You were not hungry.

You visited 2 branches of the dungeon, and saw 8 of its levels.

You collected 320 gold pieces.

Inventory:

Hand Weapons
 p - a +2 whip of venom (weapon)
Armour
 c - a +0 shield (worn)
 u - a +0 pair of gloves (worn)
 A - a +0 plate armour (worn)
Jewellery
 b - an uncursed amulet of magic regeneration
 j - an uncursed ring of protection from fire
 o - a +4 ring of evasion (left hand)
 s - a cursed ring of teleportation
 t - an uncursed ring of wizardry
 x - a ring of fire (right hand)
 D - an amulet of the acrobat (around neck)
 I - an uncursed ring of ice {unknown}
Wands
 G - a wand of paralysis (7)
Scrolls
 g - 2 scrolls of enchant armour
 i - 2 scrolls of amnesia
 l - 2 scrolls of magic mapping {unknown}
 n - a scroll of random uselessness {unknown}
 r - 2 scrolls of remove curse {unknown}
 w - 4 scrolls of teleportation {unknown}
 y - 2 scrolls of noise {unknown}
 B - a scroll of fear {unknown}
 F - a scroll of enchant weapon {unknown}
Potions
 a - 3 potions of curing
 d - 2 potions of might
 e - a potion of heal wounds {unknown}
 h - 3 potions of mutation
 k - a potion of brilliance
 m - a potion of degeneration
 z - a potion of agility {unknown}
 C - a potion of haste {unknown}
 H - a potion of lignification {unknown}
Comestibles
 f - 11 rations
 E - 6 chunks of flesh


   Skills:
 + Level 7.1 Fighting
 * Level 8.4 Maces & Flails
 + Level 7.1 Armour
 + Level 7.1 Shields


You had 8 spell levels left.
You didn't know any spells.
Your spell library was empty.

Dungeon Overview and Level Annotations

Branches:
Dungeon (7/15)             Temple (1/1) D:4

Altars:
Cheibriados
Dithmenos
Elyvilon
Fedhas
Gozag
Hepliaklqana
Kikubaaqudgha
Nemelex Xobeh
Okawaru
Qazlal
Ru
Sif Muna
Trog
Uskayaw
Vehumet
Wu Jian
Xom
Yredelemnul
Zin
The Shining One

Shops:
D:4 =


Innate Abilities, Weirdness & Mutations

You are resistant to torment.
Your stone body is resilient. (AC +6)
You are immune to poison.
You resist negative energy. (rN+)
You are resistant to electric shocks. (rElec)
You can survive without breathing.
You are immune to petrification.
You are immune to rotting.
You have a somewhat thin skeletal structure. (Dex +2, Stealth)
You are clumsy. (Dex -2)
Potions are less effective at restoring your health.


Message History

You are too injured to fight recklessly!
You are too injured to fight recklessly!
You hit the orc.
You kill the orc!
Okawaru accepts your kill. You block the orc priest's attack.
Items here: ) [[ ††† The orc priest misses you.
An orc priest is nearby!
It was a potion of cancellation.
Your magical effects are unravelling.
You feel magically purged.
You feel a little less clever now. The orc priest barely misses you.
It was a potion of flight.
You feel very buoyant.
You fly up into the air.
The orc priest mumbles some strange prayers to Beogh against you.
Pain shoots through your body!
You die...

.........# ##.........)
.........## ##.>.......
..........## ##........
...........## #........
.........#..# ##.......
..........#..## ##......
..........##..## ##.......
..........###.o#########...##.##
..........#...#@.....##...#####
............########.....##
(.........### #####..## ###
..........# ##..###.. ....##...#
##..##.. #.. #...# ##..#.. #...#
##.... ##..# ##... #..# ##..


You could see an orc priest.

Vanquished Creatures
  Sigmund (D:6)
  A yak (D:7)
  3 hogs (D:7)
  A human (D:7)
  Menkaure (D:7)
  2 orc warriors
  2 ice beasts
  An ogre (D:4)
  A bullfrog (D:7)
  2 scorpions
  5 howler monkeys
  A bullfrog zombie (D:5)
  4 orc priests
  Crazy Yiuf (D:2)
  A hound (D:5)
  5 orc wizards
  2 centaur skeletons
  2 iguanas
  7 worker ants
  Robin (D:2)
  4 gnolls
  6 adders
  2 river rats (D:6)
  An adder zombie (D:5)
  An adder skeleton (D:4)
  2 worms
  A dart slug (D:2)
  5 leopard geckos
  17 orcs
  2 giant cockroaches
  19 goblins
  16 hobgoblins
  4 jackals (D:2)
  A quokka (D:2)
  A ball python (D:7)
  4 bats
  3 frilled lizards
  5 kobolds
  A quokka skeleton (D:7)
  8 rats
147 creatures vanquished.

Notes
Turn   | Place    | Note
-------+----------+-------------------------------------------
     0 | D:1      | MartialLaw the Gargoyle Fighter began the quest for the
                  | Orb.
     0 | D:1      | Reached XP level 1. HP: 14/14 MP: 1/1
   207 | D:1      | Reached XP level 2. HP: 19/19 MP: 2/2
   866 | D:1      | Reached XP level 3. HP: 23/23 MP: 3/3
  1205 | D:2      | Found a sacrificial altar of Ru.
  1422 | D:2      | Found a runed translucent door.
  1423 | D:2      | Noticed Crazy Yiuf
  1460 | D:2      | Found a hide-covered altar of Uskayaw.
  1682 | D:2      | Found a white marble altar of Elyvilon.
  1700 | D:2      | Noticed Robin
  1706 | D:2      | Reached skill level 3 in Maces & Flails
  1712 | D:2      | Reached XP level 4. HP: 29/29 MP: 4/4
  1743 | D:2      | Killed Robin
  2147 | D:2      | Killed Crazy Yiuf
  2147 | D:2      | Reached XP level 5. HP: 24/33 MP: 5/5
  2230 | D:3      | You fall through a shaft for 2 floors!
  2230 | D:5      | Entered Level 5 of the Dungeon
  2542 | D:4      | Found Emishid's Jewellery Emporium.
  2575 | D:4      | Reached skill level 4 in Maces & Flails
  2575 | D:4      | Reached XP level 6. HP: 39/39 MP: 6/6
  2836 | D:3      | Found a hazy altar of Hepliaklqana.
  3151 | D:3      | Found a shadowy altar of Dithmenos.
  3498 | D:4      | Found a stormy altar of Qazlal.
  3513 | D:4      | Found a staircase to the Ecumenical Temple.
  3723 | D:4      | Got a jewelled glaive
  3724 | D:4      | Identified the +4 glaive "Qioco" {flame, rN++} (You found
                  | it on level 4 of the Dungeon)
  3757 | D:4      | Reached XP level 7. HP: 44/44 MP: 7/7
  3772 | D:4      | Reached skill level 5 in Maces & Flails
  4235 | Temple   | Entered the Ecumenical Temple
  4292 | Temple   | Became a worshipper of Warmaster Okawaru
  4622 | D:5      | Reached skill level 5 in Fighting
  4622 | D:5      | Reached skill level 5 in Armour
  4622 | D:5      | Reached skill level 5 in Shields
  4726 | D:6      | Found a bloodstained altar of Trog.
  4972 | D:6      | Reached * piety under Okawaru
  5029 | D:6      | Noticed Sigmund
  5045 | D:6      | Killed Sigmund
  5045 | D:6      | Reached skill level 6 in Maces & Flails
  5045 | D:6      | Reached XP level 8. HP: 41/50 MP: 8/8
  6087 | D:7      | Reached ** piety under Okawaru
  6163 | D:7      | Noticed Menkaure
  6176 | D:7      | Killed Menkaure
  6176 | D:7      | Reached skill level 7 in Maces & Flails
  6425 | D:7      | Reached XP level 9. HP: 56/56 MP: 9/9
  6445 | D:7      | Found a deep blue altar of Sif Muna.
  6446 | D:7      | Found a shadowy altar of Dithmenos.
  6566 | D:7      | Reached *** piety under Okawaru
  6566 | D:7      | Reached skill level 8 in Maces & Flails
  6827 | D:7      | HP: 1/57 [orc priest/divine providence (14)]
  6830 | D:7      | Gained mutation: Potions are less effective at restoring
                  | your health. [potion of mutation]
  6830 | D:7      | Gained mutation: You are clumsy. (Dex -2) [potion of
                  | mutation]
  6830 | D:7      | Gained mutation: You have a somewhat thin skeletal
                  | structure. (Dex +2, Stealth) [potion of mutation]
  6837 | D:7      | Killed from afar by an orc priest

Skill      XL: |  1  2  3  4  5  6  7  8  9 |
---------------+----------------------------+-----
Maces & Flails | 3 4 6 7 8 |  8.4
Fighting       | 4 5 6 7 |  7.1
Armour         | 4 5 6 7 |  7.1
Shields        | 4 5 6 7 |  7.1

Action                   |  1- 3 |  4- 6 |  7- 9 || total
-------------------------+-------+-------+-------++-------
Melee: Flail             |    89 |       |       ||    89
       Whip              |    15 |   197 |   383 ||   595
  Use: Scroll            |     3 |     5 |     1 ||     9
       Potion            |       |       |     5 ||     5
  Eat: Chunk             |     3 |     3 |     7 ||    13
       Ration            |       |     1 |     1 ||     2
Armor: Scale mail        |    50 |    60 |       ||   110
       Plate armour      |       |    25 |   111 ||   136
Dodge: Dodged            |    22 |    32 |    90 ||   144
Block: Shield            |    56 |    86 |   130 ||   272
